 Dungeon Crawl Stone Soup version 0.30.1-11-g7821555f0a (webtiles) character file.

Game seed: 1100323669459403253

2993 VictoriousLee the Geomancer (level 9, -12/45 HPs)
             Began as a Gargoyle Earth Elementalist on Jan 1, 2024.
             Was a Believer of Vehumet.
             Killed from afar by an acid dragon (24 damage)
             ... with a splash of acid
             ... on level 8 of the Dungeon.
             The game lasted 00:54:37 (6826 turns).

VictoriousLee the Geomancer (GrEE)                  Turns: 6826, Time: 00:54:38

Health: -12/45     AC: 11    Str: 11    XL:     9   Next: 83%
Magic:  23/24      EV: 10    Int: 21    God:    Vehumet [**....]
Gold:   586        SH:  3    Dex: 10    Spells: 9/16 levels left

rFire   . . .        O - staff of conjuration
rCold   . . .        u - +0 buckler
rNeg    + . .        g - +0 leather armour
rPois   ∞            y - +0 helmet
rElec   +            (no cloak)
rCorr   .            (no gloves)
SInv    .            p - +0 pair of boots
Will    .....        (no amulet)
Stlth   ++           G - ring of magical power
HPRegen 0.27/turn    H - ring of flight
MPRegen 0.19/turn

%: no passive effects
@: flying, invisible
A: sickness immunity, AC +6, negative energy resistance 1, electricity
resistance, torment resistance 1, petrification resistance
a: Renounce Religion


You were on level 8 of the Dungeon.
You worshipped Vehumet.
Vehumet was pleased with you.
You visited 2 branches of the dungeon, and saw 9 of its levels.

You collected 586 gold pieces.

Inventory:

Hand Weapons
 l - a +0 dagger
 m - a +0 mace
 n - a +1 dagger of venom
 E - a +0 morningstar
 M - a +1 spear of flaming
 R - a +1 rapier of holy wrath
 U - a +3 trident
 V - a +2 flail of freezing
Missiles
 k - a throwing net
 C - 13 poisoned darts
 I - a curare-tipped dart
 K - a boomerang
 Y - 6 javelins
Armour
 a - a +0 robe
 e - a +0 scale mail
 g - a +0 leather armour (worn)
 i - a +0 ring mail
 p - a +0 pair of boots (worn)
 q - a +3 scale mail
 u - a +0 buckler (worn)
 x - a +0 animal skin
 y - a +0 helmet (worn)
Magical Staves
 d - a staff of air
 O - a staff of conjuration (weapon)
Jewellery
 G - a ring of magical power (left hand)
 H - a ring of flight (right hand)
Wands
 W - a wand of paralysis (3)
 X - a wand of iceblast (7)
Scrolls
 c - 2 scrolls of enchant weapon {unknown}
 o - 5 scrolls of amnesia {unknown}
 r - 2 scrolls of magic mapping {unknown}
 t - 4 scrolls of poison {unknown}
 v - 2 scrolls of enchant armour {unknown}
 A - 2 scrolls of noise {unknown}
 F - 4 scrolls of teleportation {unknown}
 P - a scroll of torment {unknown}
 Q - 4 scrolls of fog {unknown}
 S - a scroll of fear {unknown}
 T - a scroll of acquirement {unknown}
Potions
 b - 3 potions of magic
 f - 2 potions of degeneration
 h - 2 potions of ambrosia
 j - 3 potions of might
 s - 3 potions of lignification
 z - 4 potions of attraction
 B - 3 potions of curing
 D - a potion of brilliance
 J - 4 potions of heal wounds
 L - a potion of mutation
 N - a potion of flight {unknown}


   Skills:
 - Level 1.5 Dodging
 - Level 2.1 Stealth
 * Level 4.3 Spellcasting
 + Level 8.3 Conjurations
 - Level 1.0 Transmutations
 - Level 12.4 Earth Magic


You had 9 spell levels left.
You knew the following spells:

 Your Spells              Type           Power      Damage    Failure   Level
a - Stone Arrow           Conj/Erth      100%       3d13      1%          3
p - Passwall              Tmut/Erth      26%        N/A       2%          2
s - Sandblast             Erth           100%       2d20      1%          1
z - Magic Dart            Conj           100%       1d8       1%          1

Your spell library contained the following spells:

 Spells                   Type           Power      Damage    Failure   Level
 Poisonous Vapours        Pois/Air       8%         N/A       34%         2
 Petrify                  Tmut/Erth      32%        N/A       14%         4
 Wereblood                Tmut           8%         N/A       22%         2
 Ensorcelled Hibernation  Hex/Ice        8%         N/A       34%         2
 Spider Form              Tmut/Pois      6%         N/A       50%         3
 Portal Projectile        Hex/Tloc       8%         N/A       56%         3
 Tukima's Dance           Hex            4%         N/A       56%         3
 Anguish                  Hex/Necr       2%         N/A       92%         4
 Blade Hands              Tmut           4%         N/A       99%         5
 Summon Hydra             Summ           2%         N/A       100%        7
 Sublimation of Blood     Necr           Unusable   N/A       N/A         2

Dungeon Overview and Level Annotations

Branches:
Dungeon (8/15)             Temple (1/1) D:6            Lair (0/5) D:8

Altars:
Ashenzari
Cheibriados
Dithmenos
Elyvilon
Fedhas
Gozag
Hepliaklqana
Makhleb
Nemelex Xobeh
Okawaru
Qazlal
Ru
Sif Muna
Trog
Uskayaw
Vehumet
Wu Jian
Xom
Yredelemnul
Zin
The Shining One

Shops:
D:8 *


Innate Abilities, Weirdness & Mutations

You are immune to sickness and miasma.
Your stone body is resilient. (AC +6)
You are immune to poison.
You resist negative energy. (rN+)
You are resistant to electric shocks. (rElec)
You are resistant to unholy torment.
You are immune to petrification.


Message History

Found a shiny ivory wand.
B - 2 potions of curing (gained 1)
X - a wand of iceblast (7)
Q - 4 scrolls labelled VAARPHU WAT FOL (gained 3) As you open the door, it creaks loudly!
Found 6 javelins.
There is an open door here.
Found a potion of curing.
You see here 6 javelins.
Y - 6 javelins
B - 3 potions of curing (gained 1)
Found a stone staircase leading up.
You reach down and open the door.
There is an open door here.
Found a staircase to the Lair.
Found 7 gold pieces.
An acid dragon comes into view.
You see here 7 gold pieces.
You now have 586 gold pieces (gained 7).
The acid dragon spits acid at you. The splash of acid hits you!!
Aiming: Sandblast (safe; 1% risk of failure)
Press: ? - help, Q - select action, (/) - cycle Shift-Dir - straight line, f - you
Okay, then.
Okay, then.
Press: ? - help, v - describe, . - travel
Here: an acid dragon The floor.
You fade into invisibility!
The acid dragon spits acid at you. The splash of acid hits you!
* * * LOW HITPOINT WARNING * * *
Aiming: Sandblast (safe; 1% risk of failure)
Press: ? - help, Q - select action, (/) - cycle Shift-Dir - straight line, f - acid dragon
Aim: an acid dragon (unable to see you, 85% to hit)
The blast of sand hits the acid dragon but does no damage.
The acid dragon spits acid at you. The splash of acid hits you!!
Ouch! That really hurt!
You die...

#....#######.......#
#...#...≈...#.......
#.....#...#........# ..
#....##...##...#.#.#
#.##+#..#...P.P...#...#.#
........#≈...>PP.≈#.### #
#.#.....#......P..#.. #
....D.....##.PP##..... #
#.....@..#...# ...### #
####...#...≈... ..# #
#....#######...# # #.#.##
# # ############ #.#.# #
............ ..#.# #
.....###########.# #
............. ..# #
....#.###### ###### #


You could see an acid dragon (unable to see you, catching breath).

Vanquished Creatures
  Grinder (D:3)
  Sigmund (D:6)
  2 water moccasins
  5 black bears
  An ice beast (D:7)
  2 ogres (D:6)
  3 phantoms
  A kobold brigand (D:7)
  3 bullfrogs
  3 scorpions
  3 wights (D:8)
  A killer bee (D:7)
  3 howler monkeys
  6 hounds
  3 orc priests
  A sleepcap (D:8)
  3 iguanas
  3 orc wizards
  Robin (D:2)
  6 adders
  3 shadow imps
  2 white imps (D:7)
  An ufetubus (D:5)
  5 worms
  10 dart slugs (D:3)
  26 orcs
  6 endoplasms
  4 giant cockroaches
  13 goblins
  10 hobgoblins
  5 quokkas
  10 ball pythons
  7 bats
  11 kobolds
  5 rats
170 creatures vanquished.

Notes
Turn   | Place    | Note
-------+----------+-------------------------------------------
     0 | D:1      | VictoriousLee the Gargoyle Earth Elementalist began the
                  | quest for the Orb.
     0 | D:1      | Reached XP level 1. HP: 10/10 MP: 3/3
   195 | D:1      | Reached skill level 4 in Earth Magic
   312 | D:1      | Reached XP level 2. HP: 15/15 MP: 1/5
   315 | D:1      | Learned a level 2 spell: Passwall
   811 | D:2      | Reached skill level 5 in Earth Magic
   811 | D:2      | Reached XP level 3. HP: 15/19 MP: 0/6
  1408 | D:2      | Reached XP level 4. HP: 24/24 MP: 5/7
  1675 | D:2      | Learned a level 3 spell: Stone Arrow
  1740 | D:3      | Reached skill level 6 in Earth Magic
  1777 | D:3      | Noticed Robin
  1803 | D:2      | Reached skill level 1 in Conjurations
  1933 | D:3      | Noticed Grinder
  1954 | D:2      | Killed Robin
  2007 | D:3      | Paralysed by Grinder for 2 turns
  2010 | D:3      | Paralysed by Grinder for 4 turns
  2096 | D:3      | Killed Grinder
  2097 | D:3      | Reached XP level 5. HP: 20/28 MP: 4/8
  2097 | D:3      | Reached XP level 6. HP: 23/32 MP: 4/9
  2325 | D:3      | Reached skill level 7 in Earth Magic
  2693 | D:3      | Found a stormy altar of Qazlal.
  2694 | D:3      | Noticed an air elemental
  2694 | D:3      | Noticed a fire elemental
  2694 | D:3      | Noticed a water elemental
  2964 | D:4      | Reached skill level 5 in Conjurations
  2964 | D:4      | Reached XP level 7. HP: 36/36 MP: 10/10
  3072 | D:4      | You are sucked into a shaft and drop 3 floors!
  3150 | D:7      | Reached skill level 8 in Earth Magic
  3303 | D:6      | Reached skill level 9 in Earth Magic
  3319 | D:6      | Found a staircase to the Ecumenical Temple.
  3328 | Temple   | Entered the Ecumenical Temple
  3398 | Temple   | Became a worshipper of Vehumet
  3434 | D:5      | Entered Level 5 of the Dungeon
  3542 | D:4      | Noticed a shadow
  3573 | D:4      | Reached XP level 8. HP: 41/41 MP: 11/11
  3615 | D:4      | Found a basalt altar of Yredelemnul.
  3774 | D:4      | Found a hazy altar of Hepliaklqana.
  3777 | D:4      | Found a shadowy altar of Dithmenos.
  3865 | D:4      | Reached skill level 10 in Earth Magic
  3978 | D:5      | Reached * piety under Vehumet
  3978 | D:5      | Offered knowledge of Magic Dart by Vehumet.
  4209 | D:5      | Reached skill level 11 in Earth Magic
  4212 | D:5      | Learned a level 1 spell: Magic Dart
  4471 | D:5      | Reached skill level 1 in Transmutations
  4635 | D:6      | Reached XP level 9. HP: 45/45 MP: 12/12
  4822 | D:6      | Noticed Sigmund
  4848 | D:6      | Killed Sigmund
  4849 | D:6      | Reached skill level 12 in Earth Magic
  5580 | D:7      | Offered knowledge of Poisonous Vapours by Vehumet.
  5996 | D:7      | Reached ** piety under Vehumet
  6474 | D:8      | Found an opulent altar of Gozag.
  6474 | D:8      | Found a white marble altar of Elyvilon.
  6647 | D:8      | Found Zin's Purification Station.
  6650 | D:8      | Found a glowing silver altar of Zin.
  6811 | D:8      | Found a staircase to the Lair.
  6826 | D:8      | Killed from afar by an acid dragon

Illustrated notes

Levels and vault maps discovered:
D:1:      minmay_arrival_five_plusses, layout_basic
D:2:      cheibrodos_greedy_goblins, layout_basic
D:3:      kennysheep_slugbush, layout_basic, nicolae_qazlal_style_of_elements,
          corner_web_ring, uniq_grinder, uniq_robin
D:4:      layout_rooms, riverfiend_overflow_shadow_ancestor,
          kennysheep_little_box, minmay_splitting_lines,
          chequers_serial_rivers_micro_e
D:5:      layout_loops_cross
D:6:      layout_gridville, minmay_temple_entry_antechambers, uniq_sigmund
D:7:      layout_loops_corners, kennysheep_generic_room_4
D:8:      layout_basic, lemuel_zombie_altar_kikubaaqudgha, zin_purify,
          gammafunk_temple_overflow_statue, dpeg_oklobed_lair,
          hangedman_decor_push, serial_park_tiny_2, st_stairs_8
Temple:   eino_temple_lava

Skill      XL: |  1  2  3  4  5  6  7  8  9 |
---------------+----------------------------+-----
Earth Magic    | 4 5 6 7 9 11 12 | 12.4
Conjurations   | 4 5 6 8 |  8.3
Transmutations | 1 |  1.0
Spellcasting   | 4 |  4.3
Dodging        | |  1.5
Stealth        | |  2.1

Action                     |  1- 3 |  4- 6 |  7- 9 || total
---------------------------+-------+-------+-------++-------
  Melee: Dagger            |     4 |    18 |    15 ||    37
         Staff             |       |       |     2 ||     2
   Cast: Sandblast         |    41 |    74 |   137 ||   252
         Stone Arrow       |       |       |    13 ||    13
         Magic Dart        |       |       |    25 ||    25
    Use: Scroll            |       |     4 |     5 ||     9
         Potion            |       |       |     1 ||     1
   Stab: Sleeping          |       |     1 |       ||     1
 Armour: Leather armour    |     5 |    23 |    44 ||    72
  Dodge: Dodged            |     8 |    18 |    47 ||    73
  Block: Buckler           |       |       |     8 ||     8
